 Dungeon Crawl Stone Soup version 0.28.0-47-ge53b351184 (webtiles) character file.

Game seed: 15752121246413458884

55 Descartes the Grasshopper (level 4, -2/33 HPs)
             Began as a Formicid Warper on May 9, 2022.
             Slain by an adder (3 damage)
             ... on level 2 of the Dungeon.
             The game lasted 00:02:09 (1726 turns).

Descartes the Grasshopper (Formicid Warper)         Turns: 1726, Time: 00:02:09

Health: -2/33      AC:  5    Str: 18    XL:     4   Next: 14%
Magic:  7/7        EV: 11    Int: 18    God:
Gold:   103        SH:  0    Dex: 10    Spells: 7/7 levels left

rFire   . . .      SeeInvis +   a - +0 mace
rCold   . . .      Faith    .   (no shield)
rNeg    . . .      Spirit   .   h - +0 ring mail
rPois   .          Reflect  .   (helmet unavailable)
rElec   .          Harm     .   (no cloak)
rCorr   .          Rampage  .   (no gloves)
Will    .....                   (no boots)
Stlth   ..........              (no amulet)
HPRegen 0.11/turn               e - +6 ring of intelligence
MPRegen 0.10/turn               (no ring)

@: no status effects
A: permanent stasis, dig shafts and tunnels, antennae 3, four strong arms
a: Dig, Shaft Self


You were on level 2 of the Dungeon.
You visited 1 branch of the dungeon, and saw 2 of its levels.

You collected 103 gold pieces.

Inventory:

Hand Weapons
 a - a +0 mace (weapon)
Missiles
 c - 5 boomerangs of dispersal (quivered)
 d - 69 stones
 i - a throwing net
Armour
 b - a +0 leather armour
 h - a +0 ring mail (worn)
Jewellery
 e - a +6 ring of intelligence (left hand)
Scrolls
 g - a scroll of fog {unknown}
Potions
 f - a potion of cancellation {unknown}


   Skills:
 - Level 2.1 Fighting
 + Level 2.6 Maces & Flails
 - Level 1.0 Throwing
 + Level 2.1 Armour
 - Level 1.7 Dodging
 + Level 1.8 Shields
 - Level 2.1 Spellcasting
 + Level 3.1 Translocations


You had 7 spell levels left.
You didn't know any spells.
Your spell library contained the following spells:

 Spells                   Type           Power      Damage    Failure   Level
 Gell's Gravitas          Tloc           13%        N/A       26%         3
 Lesser Beckoning         Tloc           13%        N/A       26%         3
 Teleport Other           Tloc           13%        N/A       26%         3
 Manifold Assault         Tloc           13%        N/A       93%         5
 Blink                    Tloc           Unusable   N/A       N/A         2

Dungeon Overview and Level Annotations

Branches:
Dungeon (2/15)

Altars:


Innate Abilities, Weirdness & Mutations

You cannot be hasted, slowed, berserked, paralysed or teleported.
You can dig through walls and to a lower floor.
You have a pair of large antennae on your head. (SInv)
Your four strong arms can wield two-handed weapons with a shield.


Message History

You are no longer poisoned.
You sense a monster nearby.
An adder comes into view.
Things that are here:
a +0 short sword; a hobgoblin skeleton; a kobold skeleton The adder barely misses you.
You barely miss the adder. The adder bites you but does no damage.
You thump the adder!
The adder is severely wounded.
The adder bites you.
You are poisoned.
The adder poisons you! The adder bites you.
You are more poisoned.
The adder poisons you!
You closely miss the adder.
The adder is severely wounded.
You feel very sick. The adder misses you. The adder barely misses you.
You miss the adder.
The adder is severely wounded.
You feel sick. The adder bites you.
* * * LOW HITPOINT WARNING * * *
You closely miss the adder.
The adder is severely wounded.
* * * LOW HITPOINT WARNING * * *
You feel sick. The adder closely misses you. x2
You barely miss the adder.
The adder is severely wounded.
* * * LOW HITPOINT WARNING * * *
You feel sick. The adder closely misses you.
Unknown command.
* * * LOW HITPOINT WARNING * * *
You feel sick. The adder closely misses you.
You barely miss the adder.
The adder is severely wounded.
* * * LOW HITPOINT WARNING * * *
You feel sick.
You are no longer poisoned.
The adder bites you.
You die...

#........... #.......#
##.#####..... #.##.##.#
##.# # ##.# # ##.##
#.#..# #...# #.#.###.#
#.##[############.......#
#..............####)#####
###..#.#..####.####.#
#..#.#..#.....@S..#
....#.#..#.##.######
###.##......##.# #.
###..####.# #.
..........#
##############


You could see an adder.

Vanquished Creatures
  2 adders (D:2)
  2 dart slugs (D:1)
  A ball python (D:1)
  4 bats (D:1)
  4 endoplasms (D:1)
  2 giant cockroaches (D:1)
  2 goblins (D:1)
  A hobgoblin (D:2)
  2 jackals (D:1)
  2 quokkas
  2 frilled lizards (D:1)
  2 kobolds
  4 rats (D:1)
30 creatures vanquished.

Notes
Turn   | Place    | Note
-------+----------+-------------------------------------------
     0 | D:1      | Descartes the Formicid Warper began the quest for the Orb.
     0 | D:1      | Reached XP level 1. HP: 16/16 MP: 3/3
   220 | D:1      | Reached XP level 2. HP: 22/22 MP: 5/5
   379 | D:1      | Found a faded altar of an unknown god.
   385 | D:1      | Reached skill level 1 in Shields
   788 | D:1      | Reached skill level 3 in Translocations
   788 | D:1      | Reached XP level 3. HP: 24/27 MP: 6/6
  1694 | D:2      | Reached XP level 4. HP: 14/33 MP: 7/7
  1726 | D:2      | HP: 1/33 [poisoned by an adder]
  1726 | D:2      | Slain by an adder

Illustrated notes

Levels and vault maps discovered:
D:1:      dpeg_arrival_round_c, layout_basic, chequers_ecumenical_altar_island
D:2:      layout_loops_cross

Skill      XL: |  1  2  3 |
---------------+----------+-----
Shields        | 1 |  1.8
Translocations | 3 |  3.1
Armour         | 2 |  2.1
Fighting       | |  2.1
Maces & Flails | |  2.6
Throwing       | |  1.0
Dodging        | |  1.7
Spellcasting   | |  2.1

Action                   |  1- 3 |  4- 6 || total
-------------------------+-------+-------++-------
Melee: Mace              |   117 |     7 ||   124
Armor: Leather armour    |    11 |       ||    11
       Ring mail         |    35 |     1 ||    36
Dodge: Dodged            |    85 |     7 ||    92
